TOP OF THE 1ST |
Jackson HS Swamp Bats batting - Pitching for Tulsa HS As : RHP Al Harrison
|
Pitching: RHP Al Harrison
|
|
Batting: LHB Chris French
|
0-0: Ball 1-0: Bunted foul 1-1: Fly out, F9 (Flyball, 9LD)
|
Batting: RHB Albert Buck
|
0-0: Ball 1-0: Ball 2-0: Ball 3-0: Called Strike 3-1: Foul Ball, location: 2F 3-2: Foul Ball, location: 2F 3-2: Base on Balls
|
Batting: RHB Rob Mitchell
|
0-0: Ball Albert Buck is caught stealing 2nd base 1-0: SINGLE (Groundball, 6MD)
|
Batting: RHB Domingo Rosário
|
0-0: Called Strike 0-1: Swinging Strike 0-2: Ball 1-2: Strikes out looking
|
Top of the 1st over - 0 runs, 1 hit, 0 errors, 1 left on base; Jackson HS 0 - Tulsa HS 0 |
BOTTOM OF THE 1ST |
Tulsa HS As batting - Pitching for Jackson HS Swamp Bats : RHP Paul McCarthy
|
Pitching: RHP Paul McCarthy
|
|
Batting: RHB Dale Bennett
|
0-0: Ball 1-0: Ball 2-0: Ball 3-0: Base on Balls
|
Batting: LHB Dave Leclair
|
0-0: Ball 1-0: Ball 2-0: Ball 3-0: Base on Balls Dale Bennett to second
|
Batting: RHB Ralph Young
|
0-0: Ball 1-0: Ball 2-0: Ball 3-0: Called Strike 3-1: Fly out, F8 (Flyball, 8RS)
|
Batting: LHB Mark Wheeler
|
0-0: Ball 1-0: Called Strike 1-1: Swinging Strike 1-2: Fly out, F7 (Flyball, 7S)
|
Batting: SHB José Hernández
|
0-0: Ball 1-0: Ball 2-0: Ball 3-0: Base on Balls Dale Bennett to third Dave Leclair to second
|
Batting: LHB Chris Smith
|
0-0: Ball 1-0: Ball 2-0: Foul Ball, location: 2F 2-1: Ball 3-1: Swinging Strike 3-2: Ground out 4-3 (Groundball, 4)
|
Bottom of the 1st over - 0 runs, 0 hits, 0 errors, 3 left on base; Jackson HS 0 - Tulsa HS 0 |
TOP OF THE 2ND |
Jackson HS Swamp Bats batting - Pitching for Tulsa HS As : RHP Al Harrison
|
Batting: LHB Wally Thomas
|
0-0: Called Strike 0-1: Called Strike 0-2: Fly out, F8 (Flyball, 8RD)
|
Batting: RHB Jonathan Smith
|
0-0: Ball 1-0: Swinging Strike 1-1: Fly out, F6 (Popup, 6M)
|
Batting: RHB Jeremy Gibbs
|
0-0: Swinging Strike 0-1: Ball 1-1: Ball 2-1: Swinging Strike 2-2: Foul Ball, location: 2F 2-2: Strikes out looking
|
Top of the 2nd over - 0 runs, 0 hits, 0 errors, 0 left on base; Jackson HS 0 - Tulsa HS 0 |
BOTTOM OF THE 2ND |
Tulsa HS As batting - Pitching for Jackson HS Swamp Bats : RHP Paul McCarthy
|
Batting: RHB Ricky Thomas
|
0-0: Called Strike 0-1: Ball 1-1: Ball 2-1: Ball 3-1: Called Strike 3-2: Base on Balls
|
Batting: RHB Trent Rowe
|
0-0: Ball 1-0: SINGLE (Groundball, 6MD) Ricky Thomas to second
|
Batting: RHB Brendon Keifer
|
0-0: Ball 1-0: Foul Ball, location: 2F 1-1: Called Strike 1-2: Ball 2-2: Ball 3-2: Foul Ball, location: 2F 3-2: Foul Ball, location: 2F 3-2: Strikes out swinging
|
Batting: RHB Dale Bennett
|
0-0: Ball 1-0: Fly out, F3 (Popup, 3SF)
|
Batting: LHB Dave Leclair
|
0-0: Called Strike 0-1: Fly out, F8 (Flyball, 8RM)
|
Bottom of the 2nd over - 0 runs, 1 hit, 0 errors, 2 left on base; Jackson HS 0 - Tulsa HS 0 |
TOP OF THE 3RD |
Jackson HS Swamp Bats batting - Pitching for Tulsa HS As : RHP Al Harrison
|
Batting: RHB Gabriel Vargas
|
0-0: DOUBLE (Groundball, 5L)
|
Batting: LHB Harry McAndrew
|
0-0: Ball 1-0: Called Strike 1-1: Ball 2-1: Ball 3-1: Fly out, F8 (Flyball, 78D)
|
Batting: LHB Chris French
|
0-0: Foul Ball, location: 2F 0-1: SINGLE (Line Drive, 9LS) Gabriel Vargas to third Runner from 3rd tries for Home, SAFE, throw made home Chris French to second
|
Batting: RHB Albert Buck
|
0-0: Ball 1-0: Called Strike 1-1: Called Strike 1-2: Ground out 5-3 (Groundball, 2L) Chris French to third
|
Batting: RHB Rob Mitchell
|
0-0: Ball 1-0: Called Strike 1-1: 2-RUN HOME RUN (Flyball, 9LD), Distance : 342 ft
|
Batting: RHB Domingo Rosário
|
0-0: Ball 1-0: Ball 2-0: Swinging Strike 2-1: SINGLE (Groundball, 56D) (infield hit)
|
Batting: LHB Wally Thomas
|
0-0: Foul Ball, location: 2F 0-1: Ball 1-1: Foul Ball, location: 2F 1-2: Strikes out swinging
|
Top of the 3rd over - 3 runs, 4 hits, 0 errors, 1 left on base; Jackson HS 3 - Tulsa HS 0 |
BOTTOM OF THE 3RD |
Tulsa HS As batting - Pitching for Jackson HS Swamp Bats : RHP Paul McCarthy
|
Batting: RHB Ralph Young
|
0-0: Ground out 4-3 (Groundball, 4)
|
Batting: LHB Mark Wheeler
|
0-0: Swinging Strike 0-1: Called Strike 0-2: Ball 1-2: Ball 2-2: Strikes out swinging
|
Batting: SHB José Hernández
|
0-0: Swinging Strike 0-1: SINGLE (Flyball, 7S)
|
Batting: LHB Chris Smith
|
0-0: Called Strike 0-1: SINGLE (Groundball, 34D) José Hernández to second Runner from 2nd tries for 3rd, SAFE, no throw
|
Batting: RHB Ricky Thomas
|
0-0: Swinging Strike 0-1: Foul Ball, location: 2F 0-2: Ball 1-2: Ball 2-2: Foul Ball, location: 2F 2-2: Foul Ball, location: 2F 2-2: Foul Ball, location: 2F 2-2: Ball 3-2: Strikes out swinging
|
Bottom of the 3rd over - 0 runs, 2 hits, 0 errors, 2 left on base; Jackson HS 3 - Tulsa HS 0 |
TOP OF THE 4TH |
Jackson HS Swamp Bats batting - Pitching for Tulsa HS As : RHP Al Harrison
|
Batting: RHB Jonathan Smith
|
0-0: Swinging Strike 0-1: Ball 1-1: Fly out, F7 (Flyball, 78S)
|
Batting: RHB Jeremy Gibbs
|
0-0: Foul Ball, location: 2F 0-1: Ball 1-1: Foul Ball, location: 2F 1-2: Ball 2-2: Foul Ball, location: 2F 2-2: DOUBLE (Groundball, 5L)
|
Batting: RHB Gabriel Vargas
|
0-0: Ball 1-0: Called Strike 1-1: Swinging Strike 1-2: Foul Ball, location: 2F 1-2: Strikes out swinging
|
Batting: LHB Harry McAndrew
|
0-0: Swinging Strike 0-1: Called Strike 0-2: Strikes out swinging
|
Top of the 4th over - 0 runs, 1 hit, 0 errors, 1 left on base; Jackson HS 3 - Tulsa HS 0 |
BOTTOM OF THE 4TH |
Tulsa HS As batting - Pitching for Jackson HS Swamp Bats : RHP Paul McCarthy
|
Batting: RHB Trent Rowe
|
0-0: Called Strike 0-1: Foul Ball, location: 2F 0-2: Foul Ball, location: 2F 0-2: Strikes out swinging
|
Batting: RHB Brendon Keifer
|
0-0: SINGLE (Groundball, 56D)
|
Batting: RHB Dale Bennett
|
0-0: Ball 1-0: Fly out, F9 (Flyball, 89S)
|
Batting: LHB Dave Leclair
|
0-0: Ball 1-0: Called Strike 1-1: Foul Ball, location: 2F 1-2: Strikes out swinging
|
Bottom of the 4th over - 0 runs, 1 hit, 0 errors, 1 left on base; Jackson HS 3 - Tulsa HS 0 |
TOP OF THE 5TH |
Jackson HS Swamp Bats batting - Pitching for Tulsa HS As : RHP Al Harrison
|
Batting: LHB Chris French
|
0-0: Foul Ball, location: 2F 0-1: Called Strike 0-2: Ball 1-2: Fly out, F9 (Line Drive, 89M)
|
Batting: RHB Albert Buck
|
0-0: Called Strike 0-1: Called Strike 0-2: Ball 1-2: Ball 2-2: Foul Ball, location: 2F 2-2: Foul Ball, location: 2F 2-2: Foul Ball, location: 2F 2-2: Ball 3-2: Ground out 6-3 (Groundball, 6)
|
Batting: RHB Rob Mitchell
|
0-0: Ball 1-0: Ball 2-0: Foul Ball, location: 2F 2-1: Ball 3-1: DOUBLE (Line Drive, 7LM)
|
Pitching: RHP Benoît Coulombe
|
|
Batting: RHB Domingo Rosário
|
0-0: Ball 1-0: Called Strike 1-1: Fly out, F7 (Flyball, 78M)
|
Top of the 5th over - 0 runs, 1 hit, 0 errors, 1 left on base; Jackson HS 3 - Tulsa HS 0 |
BOTTOM OF THE 5TH |
Tulsa HS As batting - Pitching for Jackson HS Swamp Bats : RHP Paul McCarthy
|
Batting: RHB Ralph Young
|
0-0: Ball 1-0: Ball 2-0: Called Strike 2-1: Swinging Strike 2-2: Ball 3-2: Fly out, F4 (Popup, 34)
|
Pitching: RHP Rich Ingram
|
|
Batting: LHB Mark Wheeler
|
0-0: Ball 1-0: Fly out, F4 (Line Drive, 4M)
|
Batting: SHB José Hernández
|
0-0: Ball 1-0: Swinging Strike 1-1: Ball 2-1: Called Strike 2-2: Strikes out swinging
|
Bottom of the 5th over - 0 runs, 0 hits, 0 errors, 0 left on base; Jackson HS 3 - Tulsa HS 0 |
TOP OF THE 6TH |
Jackson HS Swamp Bats batting - Pitching for Tulsa HS As : RHP Benoît Coulombe
|
Batting: LHB Wally Thomas
|
0-0: Foul Ball, location: 2F 0-1: Swinging Strike 0-2: Ball 1-2: Foul Ball, location: 2F 1-2: Strikes out looking
|
Batting: RHB Jonathan Smith
|
0-0: SINGLE (Line Drive, 78S)
|
Batting: RHB Jeremy Gibbs
|
0-0: Called Strike 0-1: Ball 1-1: Swinging Strike Throwing error on steal attempt, E2 Jonathan Smith to third 1-2: Foul Ball, location: 2F 1-2: Foul Ball, location: 2F 1-2: Ball 2-2: Ball 3-2: Ground out 5-3 (Groundball, 56S)
|
Batting: RHB Gabriel Vargas
|
0-0: Ground out 5-3 (Groundball, 56S)
|
Top of the 6th over - 0 runs, 1 hit, 1 error, 1 left on base; Jackson HS 3 - Tulsa HS 0 |
BOTTOM OF THE 6TH |
Tulsa HS As batting - Pitching for Jackson HS Swamp Bats : RHP Rich Ingram
|
Batting: LHB Chris Smith
|
0-0: Swinging Strike 0-1: Foul Ball, location: 2F 0-2: Strikes out swinging
|
Batting: RHB Ricky Thomas
|
0-0: Ball 1-0: Called Strike 1-1: Ball 2-1: Fly out, F7 (Flyball, 78S)
|
Now in LF: Kyle Russell
|
|
Batting: RHB Trent Rowe
|
0-0: Ball 1-0: Called Strike 1-1: Swinging Strike 1-2: Ball 2-2: Ball 3-2: Foul Ball, location: 2F 3-2: Base on Balls
|
Batting: RHB Brendon Keifer
|
0-0: Ball 1-0: Ball 2-0: Ball 3-0: Called Strike 3-1: Called Strike 3-2: Strikes out swinging
|
Bottom of the 6th over - 0 runs, 0 hits, 0 errors, 1 left on base; Jackson HS 3 - Tulsa HS 0 |
TOP OF THE 7TH |
Jackson HS Swamp Bats batting - Pitching for Tulsa HS As : RHP Benoît Coulombe
|
Batting: LHB Harry McAndrew
|
0-0: Fly out, F5 (Popup, 5F)
|
Batting: LHB Chris French
|
0-0: Ball 1-0: Ball 2-0: Swinging Strike 2-1: Called Strike 2-2: Ground out 4-3 (Groundball, 34D)
|
Batting: RHB Albert Buck
|
0-0: Ball 1-0: Foul Ball, location: 2F 1-1: Foul Ball, location: 2F 1-2: Ball 2-2: Ball 3-2: Base on Balls
|
Batting: RHB Rob Mitchell
|
0-0: Ball 1-0: Ball 2-0: Fielders Choice at 2nd, 6-4 (Groundball, 6)
|
Top of the 7th over - 0 runs, 0 hits, 0 errors, 1 left on base; Jackson HS 3 - Tulsa HS 0 |
BOTTOM OF THE 7TH |
Tulsa HS As batting - Pitching for Jackson HS Swamp Bats : RHP Rich Ingram
|
Batting: RHB Dale Bennett
|
0-0: Ball
|
|
|
|
1-0: SINGLE (Groundball, 56D)
|
Pitching: LHP John Harris
|
|
Batting: LHB Dave Leclair
|
0-0: Called Strike 0-1: Ball 1-1: Fly out, F4 (Popup, 3D)
|
Pitching: RHP Jim Reeves
|
|
Batting: RHB Ralph Young
|
0-0: Called Strike 0-1: Called Strike 0-2: Foul Ball, location: 2F 0-2: Ball 1-2: Strikes out looking
|
Batting: LHB Mark Wheeler
|
0-0: Ball 1-0: Ball 2-0: Called Strike 2-1: Ball 3-1: Called Strike 3-2: Foul Ball, location: 2F 3-2: Foul Ball, location: 2F 3-2: DOUBLE (Line Drive, 7LS) Dale Bennett to third Dale Bennett scores
|
Batting: SHB José Hernández
|
0-0: Called Strike 0-1: Ball 1-1: Ball 2-1: Foul Ball, location: 2F 2-2: Ball 3-2: Foul Ball, location: 2F 3-2: Foul Ball, location: 2F 3-2: Foul Ball, location: 2F 3-2: Base on Balls
|
Pinch Runner at 2nd Jared Tuttle:
|
|
Batting: LHB Chris Smith
|
0-0: SINGLE (Line Drive, 89S) Jared Tuttle to third José Hernández to second
|
Batting: RHB Ricky Thomas
|
0-0: Ball 1-0: Called Strike 1-1: Ball 2-1: Ball 3-1: Base on Balls Jared Tuttle scores José Hernández to third Chris Smith to second
|
Batting: RHB Trent Rowe
|
0-0: Called Strike 0-1: GRAND SLAM HOME RUN (Flyball, 7D), Distance : 373 ft
|
Pitching: LHP Manuel Ríos
|
|
Batting: RHB Brendon Keifer
|
0-0: Ball 1-0: Called Strike 1-1: Ball 2-1: Foul Ball, location: 2F 2-2: Strikes out looking
|
Bottom of the 7th over - 6 runs, 4 hits, 0 errors, 0 left on base; Jackson HS 3 - Tulsa HS 6 |
TOP OF THE 8TH |
Jackson HS Swamp Bats batting - Pitching for Tulsa HS As : RHP Benoît Coulombe
|
Now in RF: Jared Tuttle
|
|
Batting: LHB Kyle Russell
|
0-0: Swinging Strike 0-1: Called Strike 0-2: Foul Ball, location: 2F 0-2: Ball 1-2: Foul Ball, location: 2F 1-2: Ball 2-2: Ball 3-2: Strikes out looking
|
Pitching: RHP Troy Roberson
|
|
Batting: LHB Wally Thomas
|
0-0: Called Strike 0-1: Foul Ball, location: 2F 0-2: Ball 1-2: Strikes out swinging
|
Batting: RHB Jonathan Smith
|
0-0: Called Strike 0-1: SINGLE (Flyball, 78S)
|
Batting: RHB Jeremy Gibbs
|
0-0: Called Strike 0-1: Foul Ball, location: 2F 0-2: Strikes out swinging
|
Top of the 8th over - 0 runs, 1 hit, 0 errors, 1 left on base; Jackson HS 3 - Tulsa HS 6 |
BOTTOM OF THE 8TH |
Tulsa HS As batting - Pitching for Jackson HS Swamp Bats : LHP Manuel Ríos
|
Batting: RHB Dale Bennett
|
0-0: Ground out 4-3 (Groundball, 4)
|
Batting: LHB Dave Leclair
|
0-0: Ball 1-0: Fly out, F9 (Line Drive, 9)
|
Batting: RHB Ralph Young
|
0-0: Called Strike 0-1: Ball 1-1: TRIPLE (Line Drive, 8LXD)
|
Batting: LHB Jared Tuttle
|
0-0: Called Strike 0-1: Ball 1-1: Swinging Strike 1-2: Ball 2-2: Ball 3-2: Ground out 4-3 (Groundball, 4)
|
Bottom of the 8th over - 0 runs, 1 hit, 0 errors, 1 left on base; Jackson HS 3 - Tulsa HS 6 |
TOP OF THE 9TH |
Jackson HS Swamp Bats batting - Pitching for Tulsa HS As : RHP Troy Roberson
|
Batting: RHB Gabriel Vargas
|
0-0: Foul Ball, location: 2F 0-1: Fly out, F8 (Flyball, 8RXD)
|
Batting: LHB Harry McAndrew
|
0-0: Fly out, F7 (Flyball, 7)
|
Batting: LHB Chris French
|
0-0: Ball 1-0: Bunted foul 1-1: Ball 2-1: Called Strike 2-2: Ground out 6-3 (Groundball, 6D)
|
Top of the 9th over - 0 runs, 0 hits, 0 errors, 0 left on base; Jackson HS 3 - Tulsa HS 6 |
|
Saturday, April 7th, 2018 - OOTP Baseball 18.8 Build 76
|
|